 Dungeon Crawl Stone Soup version 0.31-a0-1388-g4b2ba238e7 (webtiles) character file.

Game seed: 4926143016960487328

22 MisterAzrael the Ruffian (level 2, -2/18 HPs)
             Began as an Octopode Shapeshifter on Dec 24, 2023.
             Frozen to death by an endoplasm (4 damage)
             ... on level 2 of the Dungeon.
             The game lasted 00:01:09 (862 turns).

MisterAzrael the Ruffian (Octopode Shapeshifter)     Turns: 862, Time: 00:01:10

Health: -2/18      AC:  1    Str: 13    XL:     2   Next: 91%
Magic:  2/2        EV: 10    Int: 12    God:
Gold:   56         SH:  0    Dex: 11    Spells: 1/1 levels left

rFire   . .          .
                       - Unarmed
rCold   . . .        (no shield)
rNeg    . . .        (helmet currently unavailable)
rPois   .            (no amulet)
rElec   .            (no ring)
rCorr   .            (no ring)
SInv    .            (no ring)
Will    .....        (no ring)
Stlth   ++           (no ring)
HPRegen 0.23/turn    (no ring)
MPRegen 0.08/turn    (no ring)
                     (no ring)

%: no passive effects
@: beast-form, constricted
A: beast (slay +1), almost no armour, amphibious, 8 rings, camouflage 1,
gelatinous body 1, (nimble swimmer 1), tentacles
a: Begin Untransformation


You were on level 2 of the Dungeon.
You were a hulking beast.
You visited 1 branch of the dungeon, and saw 2 of its levels.

You collected 56 gold pieces.

Inventory:

Talismans
 b - a beast talisman
 c - a flux talisman
Scrolls
 d - a scroll of vulnerability {unknown}
 e - a scroll of enchant armour {unknown}
 f - a scroll of revelation {unknown}
 g - a scroll of teleportation {unknown}
Potions
 a - 2 potions of lignification


   Skills:
 - Level 1.0 Fighting
 - Level 2.0 Dodging
 * Level 3.7 Unarmed Combat
 + Level 3.3 Shapeshifting


You had one spell level left.
You didn't know any spells.
Your spell library contained the following spells:

 Spells                   Type           Power      Damage    Failure   Level
 Apportation              Tloc           0%         N/A       32%         1
 Necrotise                Necr           0%         1d4       32%         1
 Sting                    Conj/Alch      0%         1d3       32%         1
 Summon Small Mammal      Summ           0%         N/A       32%         1


Dungeon Overview and Level Annotations

Branches:
Dungeon (2/15)

Altars:


Innate Abilities, Weirdness & Mutations

You are a hulking beast.
Your limbs bulge with bestial killing power. (Slay +1)
You cannot wear most types of armour.
You are amphibious.
You can wear up to eight rings at the same time.
Your skin changes colour to match your surroundings (Stealth+).
Your rubbery body absorbs attacks. (AC +1, EV +1)
((You are camouflaged when in or above water. (Stealth+)))
You have tentacles for arms and can constrict up to eight enemies at once.


Message History

The rat twitches its whiskers.
A hobgoblin comes into view.
A goblin comes into view. It is wielding a +0 dagger.
The ball python hisses angrily.
You closely miss the goblin.
The frilled lizard hisses angrily.
You grab the goblin. You constrict the goblin.
The goblin unwields a +0 sling.
The goblin wields a +0 dagger.
The goblin hits you but does no damage.
You tentacle-slap the goblin.
You kill the goblin!
You tentacle-slap the frilled lizard.
You kill the frilled lizard!
A frilled lizard comes into view.
The ball python misses you. The ball python barely misses you.
The frilled lizard barely misses you.
You tentacle-slap the endoplasm.
The endoplasm is almost dead.
The ball python barely misses you. The ball python grabs you.
The ball python constricts you.
You completely miss the ball python. You grab the ball python.
You constrict the ball python. The endoplasm freezes you.
You are frozen.
The frilled lizard bites you. The rat bites you but does no damage.
The ball python bites you. The ball python constricts you.
You tentacle-slap the frilled lizard.
You kill the frilled lizard!
You constrict the ball python. The rat barely misses you.
The endoplasm barely misses you. The ball python barely misses you.
The ball python constricts you.
You escape the ball python's grasp.
You release your grip on the ball python.
The hobgoblin hits you. The goblin closely misses you. The rat bites you.
* * * LOW HITPOINT WARNING * * *
The ball python closely misses you. The ball python grabs you.
The ball python constricts you.
* * * LOW HITPOINT WARNING * * *
The endoplasm freezes you.
You are frozen.
You die...

....######....
.............##
........<....>.
...............
#..............
#..............
#..............
...l..rhS......
......gJgJ.....
...$...K.......
######.<..#####
#.....#
#......#
....#..##
....##.... ###.
.....


You could see 2 endoplasms, a hobgoblin, a goblin, a ball python, a kobold, a
frilled lizard and a rat.

Vanquished Creatures
  A dart slug (D:1)
  A ball python (D:1)
  2 endoplasms (D:1)
  3 giant cockroaches (D:1)
  3 goblins
  A hobgoblin (D:1)
  A quokka (D:1)
  A bat (D:1)
  3 frilled lizards
  2 rats (D:1)
18 creatures vanquished.

Notes
Turn   | Place    | Note
-------+----------+-------------------------------------------
     0 | D:1      | MisterAzrael the Octopode Shapeshifter began the quest for
                  | the Orb.
     0 | D:1      | Reached XP level 1. HP: 13/13 MP: 1/1
   155 | D:1      | Reached XP level 2. HP: 9/18 MP: 2/2
   539 | D:1      | Found a faded altar of an unknown god.
   862 | D:2      | Frozen to death by an endoplasm

Illustrated notes

Levels and vault maps discovered:
D:1:      minmay_arrival_doors, layout_basic,
          hellmonk_ecumenical_altar_pennies_from_heaven
D:2:      layout_rooms

Action                     || total
---------------------------++-------
  Melee: Unarmed           ||    37
         Tentacles         ||     6
         Constrict         ||    10
         Punch             ||     1
   Stab: Sleeping          ||     3
 Armour: Skin              ||    17
  Dodge: Dodged            ||    23

Table legend: (Time is in decaauts)
 A = Elapsed time spent in this place.
 B = Non-inter-level travel time spent in this place.
 C = Inter-level travel time spent in this place.
 D = Time resting spent in this place.
 E = Time spent auto-exploring this place.
 F = Levels seen in this place.
 G = Mean time per level.
                   A        B        C        D        E       F      G
               +--------+--------+--------+--------+--------+-----+--------+
         Total |    859 |    824 |     35 |     37 |    658 |   2 |  429.5 |
       Dungeon |    859 |    824 |     35 |     37 |    658 |   2 |  429.5 |
               +--------+--------+--------+--------+--------+-----+--------+

Top non-repeatable levels by time:
     D:1: 851 daAuts
     D:2: 8 daAuts
